 Dungeon Crawl Stone Soup version 0.23-a0-767-gdc19b93 (console) character file.

8786 bli the Spear-Bearer (level 11, -1/89 HPs)
             Began as a Merfolk Abyssal Knight on Jan 19, 2019.
             Was a High Priest of Lugonu.
             Splashed by a brown ugly thing's acid (7 damage)
             ... on level 11 of the Dungeon.
             The game lasted 01:16:03 (15755 turns).

bli the Spear-Bearer (Merfolk Abyssal Knight)      Turns: 15755, Time: 01:16:05

Health: -1/89      AC:  5    Str: 13    XL:     11   Next: 36%
Magic:  13/14      EV: 17    Int: 12    God:    Lugonu [*****.]
Gold:   623        SH:  0    Dex: 16    Spells: 10/10 levels left

rFire    + . .     SeeInvis +   b - +0 glaive
rCold    . . .     Gourm    .   (shield currently unavailable)
rNeg     . . .     Faith    .   X - +0 leather armour
rPois    .         Spirit   .   (no helmet)
rElec    .         Reflect  .   u - scarf {cloud immunity}
rCorr    .         Harm     .   N - +0 pair of gloves
MR       .....                  U - +0 pair of boots
Stlth    +++.......             (no amulet)
HPRegen  0.24/turn              S - ring of see invisible
MPRegen  0.14/turn              q - ring of protection from fire

@: no status effects
A: change form in water, swift swim, stealthy swim
a: Depart the Abyss, Bend Space, Banish, Corrupt, Enter the Abyss, Renounce
Religion


You were on level 11 of the Dungeon.
You worshipped Lugonu.
Lugonu was extremely pleased with you.
You were very hungry.

You visited 1 branch of the dungeon, and saw 11 of its levels.
You visited the Abyss 1 time.
You also visited: Sewer.

You collected 623 gold pieces.

Inventory:

Hand Weapons
 a - a +1 halberd of freezing
 b - a +0 glaive (weapon)
 p - a +0 trident
 t - a +2 war axe of draining
 v - a +1 spear
 y - a +3 quarterstaff of chaos
 M - a +1 flail of holy wrath
 O - the +4 flail of Success {freeze, rC++}
   (You found it on level 9 of the Dungeon)

   It has been specially enchanted to freeze those struck by it, causing extra
   injury to most foes and up to half again as much damage against particularly
   susceptible opponents.
   It can also slow down cold-blooded creatures.
   It greatly protects you from cold.
 W - a +2 scimitar of flaming
Missiles
 e - 303 stones
 P - 2 throwing nets
 T - a javelin (quivered)
 Y - 2 tomahawks
Armour
 u - a scarf of cloud immunity (worn)
 L - a +0 cloak
 N - a +0 pair of gloves (worn)
 U - a +0 pair of boots (worn)
 X - a +0 leather armour (worn)
Jewellery
 i - an uncursed ring of protection from cold
 q - a ring of protection from fire (right hand)
 S - a ring of see invisible (left hand)
Wands
 j - a wand of random effects (7)
 o - a wand of clouds (5)
 C - a wand of disintegration (13)
 Q - a wand of iceblast (8)
 R - a wand of flame (20)
Scrolls
 f - a scroll of brand weapon {unknown}
 h - 4 scrolls of remove curse
 k - 6 scrolls of teleportation
 n - a scroll of enchant armour
 r - a scroll of immolation {unknown}
 s - 7 scrolls of blinking
 B - 2 scrolls of fog {unknown}
 D - a scroll of magic mapping
 G - 3 scrolls of fear {unknown}
 I - 4 scrolls of amnesia {unknown}
 Z - a scroll of enchant weapon
Potions
 d - a potion of berserk rage
 g - 2 potions of degeneration {unknown}
 l - 2 potions of agility {unknown}
 m - 4 potions of magic
 w - a potion of invisibility {unknown}
 x - 2 potions of brilliance {unknown}
 z - 3 potions of mutation {unknown}
 A - 2 potions of curing
 E - 2 potions of flight
 F - a potion of heal wounds
 H - a potion of haste
 J - a potion of cancellation
 K - a potion of resistance
 V - a potion of ambrosia
Comestibles
 c - 20 rations


   Skills:
 + Level 9.5 Fighting
 + Level 14.2 Polearms
 - Level 5.0 Throwing
 - Level 4.0 Armour
 + Level 8.5 Dodging
 + Level 5.5 Stealth
 + Level 4.0 Invocations
 * Level 1.8 Evocations


You had 10 spell levels left.
You didn't know any spells.
Your spell library contained the following spells:

 Spells                   Type           Power        Failure   Level  Hunger
 Corona                   Hex            #......      38%         1    ##.....
 Magic Dart               Conj           #...         38%         1    ##.....
 Sandblast                Erth           #.....       38%         1    ##.....
 Passwall                 Tmut/Erth      #.......     52%         2    ###....
 Searing Ray              Conj           #.....       52%         2    ###....
 Slow                     Hex            #.......     52%         2    ###....
 Dazzling Spray           Conj/Hex       #.....       77%         3    ####...
 Inner Flame              Hex/Fire       #.......     77%         3    ####...
 Portal Projectile        Hex/Tloc       #.....       77%         3    ####...
 Stone Arrow              Conj/Erth      #.....       77%         3    ####...
 Cause Fear               Hex            #.........   99%         4    #####..
 Force Lance              Conj/Tloc      #.......     99%         4    #####..
 Fulminant Prism          Conj/Hex       #.........   99%         4    #####..
 Iskenderun's Mystic Bla  Conj           #.......     99%         4    #####..
 Leda's Liquefaction      Hex/Erth       #.........   99%         4    #####..
 Petrify                  Tmut/Erth      #.......     99%         4    #####..
 Lee's Rapid Deconstruct  Erth           #.........   100%        5    ######.


Dungeon Overview and Level Annotations

Branches:
Dungeon (11/15)            Temple (0/1) D:6            Lair (0/6) D:10
    Orc: D:9-12

Altars:
Cheibriados
Dithmenos
Elyvilon
Nemelex Xobeh
Uskayaw
Wu Jian


Message History

The troll misses you. The brown ugly thing barely misses you.
Space bends around you!
You blink.
Okay, then.
Unknown command.
Evoke which item? (* to show all) (? for menu, Esc to quit)
Aiming: Cloud Cone
Press: ? - help, Dir - move target cursor, f/p - brown ugly thing
Aim: a brown ugly thing (severely wounded)
You create a blast of poison gas!
The brown ugly thing is engulfed in poison gas.
The brown ugly thing is poisoned.
The troll is engulfed in poison gas.
The troll is poisoned.
Space bends around you!
You blink.
The brown ugly thing looks even sicker.
The troll is engulfed in poison gas.
The troll looks even sicker.
You are no longer corroded.
You hit the brown ugly thing.
The brown ugly thing is severely wounded.
The brown ugly thing tentacle-slaps you.
* * * LOW HITPOINT WARNING * * *
You are splashed with acid!
The acid burns!
You die...

.. #.# #.#### #....# #....#
#....# #....# #....# #@##.#
........u#.####
...#.....T....# #.....#.)..#
#.....#....# #.....#....#
#....#.....#....########+#
.##....#.....#....#........#
.......#.....#....#........#
.T.....+.....#....#........#
.....#.....'..ยง.#........#


You could see a brown ugly thing and a troll.

Vanquished Creatures
  Erica (D:10)
  Pikel (D:8)
  Joseph (D:7)
  4 hippogriffs
  A spriggan (D:9)
  A vampire (D:11)
  A hungry ghost (D:8)
  10 yaks (D:10)
  A soldier ant (D:10)
  2 water moccasins
  Purgy (Sewer)
  5 orc warriors
  A slave (D:8)
  An eye of draining (D:10)
  6 ice beasts
  2 sky beasts
  5 ogres
  3 phantoms
  4 centaurs
  2 big kobolds
  2 bullfrogs
  A water moccasin zombie (D:6)
  3 scorpions
  3 wights
  3 killer bees (D:7)
  3 howler monkeys
  A crimson imp (D:7)
  A hound (D:5)
  5 orc wizards
  Crazy Yiuf (D:3)
  2 centaur skeletons
  A gnoll shaman (D:6)
  3 orc priests
  3 jellies
  10 worker ants
  4 iguanas
  2 hound zombies
  A hound skeleton (D:4)
  A howler monkey zombie (D:11)
  2 howler monkey skeletons
  10 gnolls
  12 adders
  2 shadow imps (D:6)
  An ooze (D:3)
  3 adder skeletons
  An adder zombie (D:8)
  3 worms
  2 dart slugs (D:1)
  2 leopard geckos
  35 orcs
  6 giant cockroaches
  8 goblins
  6 hobgoblins
  10 jackals
  19 kobolds
  3 quokkas
  4 ball pythons
  3 bats
  12 frilled lizards
  A giant cockroach zombie (D:6)
  A leopard gecko skeleton (D:4)
  A leopard gecko zombie (D:8)
  3 rats
  A fungus (D:3)
254 creatures vanquished.

Vanquished Creatures (others)
  A fungus (D:3)
1 creature vanquished.

Grand Total: 255 creatures vanquished

Notes
Turn   | Place    | Note
-------+----------+-------------------------------------------
     0 | Abyss:1  | bli the Merfolk Abyssal Knight began the quest for the Orb.
     0 | Abyss:1  | Reached XP level 1. HP: 18/18 MP: 2/2
    49 | Abyss:1  | Noticed a small abomination
    82 | D:1      | Escaped the Abyss
   147 | D:1      | Reached XP level 2. HP: 15/25 MP: 3/3
   578 | D:1      | Reached * piety under Lugonu
  1101 | D:1      | Reached XP level 3. HP: 24/30 MP: 4/4
  1617 | D:2      | Reached skill level 4 in Polearms
  1964 | D:2      | Reached XP level 4. HP: 37/37 MP: 5/5
  2129 | D:3      | Reached skill level 1 in Armour
  2415 | D:3      | Reached skill level 5 in Polearms
  2886 | D:3      | Found a sparkling altar of Nemelex Xobeh.
  2950 | D:3      | Reached ** piety under Lugonu
  2950 | D:3      | Reached XP level 5. HP: 17/42 MP: 6/6
  3155 | D:3      | Noticed a phantom
  3225 | D:3      | Killed a phantom
  3225 | D:3      | Reached skill level 6 in Polearms
  3466 | D:3      | Found a runed door.
  3692 | D:4      | Reached skill level 1 in Throwing
  3692 | D:4      | Reached XP level 6. HP: 49/49 MP: 7/7
  3916 | D:4      | Found a shadowy altar of Dithmenos.
  3922 | D:4      | Reached skill level 1 in Stealth
  3923 | D:4      | Found a snail-covered altar of Cheibriados.
  4016 | D:4      | Found a glowing drain.
  4144 | D:4      | Reached skill level 7 in Polearms
  4155 | Sewer    | Entered a sewer
  4261 | Sewer    | Noticed Purgy
  4408 | Sewer    | Killed Purgy
  4408 | Sewer    | Reached XP level 7. HP: 8/55 MP: 8/8
  4851 | D:4      | Reached skill level 5 in Fighting
  5277 | D:5      | Entered Level 5 of the Dungeon
  5281 | D:5      | Reached skill level 5 in Dodging
  5309 | D:5      | Reached skill level 8 in Polearms
  5358 | D:4      | Reached *** piety under Lugonu
  5568 | D:3      | Noticed Crazy Yiuf
  5648 | D:3      | Killed Crazy Yiuf
  5795 | D:5      | Reached XP level 8. HP: 59/63 MP: 9/9
  6369 | D:5      | Found a white marble altar of Elyvilon.
  6783 | D:6      | Found an ornate altar of the Wu Jian Council.
  6962 | D:6      | Reached skill level 9 in Polearms
  7299 | D:6      | Found a staircase to the Ecumenical Temple.
  7790 | D:6      | Reached XP level 9. HP: 69/71 MP: 10/10
  8743 | D:6      | Reached skill level 10 in Polearms
  9068 | D:7      | Noticed Joseph
  9426 | D:8      | Reached skill level 1 in Evocations
  9704 | D:9      | Found a hide-covered altar of Uskayaw.
  9773 | D:9      | Got a slimy flail
  9822 | D:9      | Reached skill level 11 in Polearms
 10333 | D:9      | Reached XP level 10. HP: 80/80 MP: 12/12
 10433 | D:9      | Identified the +4 flail of Success {freeze, rC++} (You
                  | found it on level 9 of the Dungeon)
 10948 | D:7      | Reached **** piety under Lugonu
 11253 | D:7      | Killed Joseph
 11253 | D:7      | Reached skill level 12 in Polearms
 12614 | D:8      | Noticed Pikel
 12637 | D:8      | Killed Pikel
 12637 | D:8      | Reached skill level 5 in Stealth
 13428 | D:10     | Entered Level 10 of the Dungeon
 13575 | D:10     | Reached skill level 13 in Polearms
 13926 | D:9      | Reached XP level 11. HP: 62/89 MP: 14/14
 14369 | D:10     | Noticed Erica
 14413 | D:10     | Killed Erica
 14747 | D:10     | Reached ***** piety under Lugonu
 14755 | D:10     | Reached skill level 14 in Polearms
 14755 | D:10     | Reached skill level 5 in Throwing
 14824 | D:10     | Found a staircase to the Lair.
 15712 | D:11     | Noticed a brown ugly thing
 15744 | D:11     | HP: 1/89 [acid (9)]
 15755 | D:11     | Splashed by a brown ugly thing's acid

Vault maps used:
D:1:      scummos_arrival_checkerplants, serial_bayou_crossing
D:2:      first_ration
D:3:      lemuel_coloured_pillars_altar, uniq_crazy_yiuf_cottage
D:4:      chequers_temple_overflow_statue_of_worship, gup_sewer_entry_glass
D:5:      basic_altar, grunt_decor_cap
D:6:      kennysheep_mini_moat, minmay_temple_entry_enclosed_plants,
          serial_co_window_serial, co_window_corner_a, co_window_paths_b,
          co_window_paths_b, co_window_paths_a, co_window_corner_a,
          co_window_paths_b, co_window_unsneaky_path_b, co_window_corner_b,
          co_window_corner_cb, co_window_corner_cb, co_window_unsneaky_path_e,
          kennysheep_generic_room_11
D:7:      uniq_joseph
D:8:      uniq_pikel
D:9:      basic_altar, the_bakery
D:10:     lair_entry_dummy, grunt_decor_clamped, uniq_erica
D:11:     hiddenorc1_lemuel, minivault_27, minivault_27, tso_metal_star
Sewer:    sewer_co_purgy_island

Skill      XL: |  1  2  3  4  5  6  7  8  9 10 11 |
---------------+----------------------------------+-----
Fighting       | 4 5 6 7 9 |  9.5
Dodging        | 3 4 5 6 7 8 |  8.5
Polearms       | 4 5 6 7 8 9 11 13 14 | 14.2
Armour         | 1 2 3 4 |  4.0
Throwing       | 1 2 3 4 5 |  5.0
Stealth        | 1 2 3 5 |  5.5
Evocations     | 1 |  1.8
Invocations    | 3 4 |  4.0

Action                   |  1- 3 |  4- 6 |  7- 9 | 10-12 || total
-------------------------+-------+-------+-------+-------++-------
Melee: Spear             |   121 |   315 |   398 |       ||   834
       Tailslap          |       |     2 |     1 |       ||     3
       Trident           |       |       |    31 |       ||    31
       Halberd           |       |       |   141 |   355 ||   496
       Glaive            |       |       |       |     2 ||     2
Throw: Stone             |     4 |    43 |    59 |    52 ||   158
       Tomahawk          |       |    12 |    34 |    26 ||    72
       Javelin           |       |    17 |    28 |     1 ||    46
Invok: Depart the Abyss  |     1 |       |       |       ||     1
       Bend Space        |       |       |       |     2 ||     2
Evoke: Wand              |       |       |     4 |     4 ||     8
  Use: Scroll            |       |       |    10 |     5 ||    15
       Potion            |       |       |     5 |     1 ||     6
 Stab: Sleeping          |     2 |     2 |     3 |     3 ||    10
       Distracted        |       |       |     1 |     1 ||     2
       Confused          |       |       |     1 |       ||     1
  Eat: Chunk             |     3 |     8 |    19 |    11 ||    41
       Ration            |       |       |       |     2 ||     2
Armor: Leather armour    |    11 |    33 |    65 |    37 ||   146
Dodge: Dodged            |    48 |   112 |   316 |   176 ||   652

Table legend:
 A = Non-vault XP
 B = Vault XP
 C = Vault XP percentage of total XP
 D = Non-vault monster count
 E = Vault monster count
 F = Vault count percentage of total count
                 A         B        C        D         E       F
            +---------+---------+-------+---------+---------+-------
      Total |    9924 |    2628 |  20.9 |     233 |      19 |   7.5
            +---------+---------+-------+---------+---------+-------
        D:1 |      39 |       0 |   0.0 |      21 |       0 |   0.0
        D:2 |      48 |       0 |   0.0 |      13 |       0 |   0.0
        D:3 |     204 |      41 |  16.7 |      29 |       1 |   3.3
        D:4 |     370 |      55 |  12.9 |      19 |       5 |  20.8
        D:5 |     567 |       0 |   0.0 |      20 |       0 |   0.0
        D:6 |    1298 |     133 |   9.3 |      31 |       1 |   3.1
        D:7 |     885 |     434 |  32.9 |      22 |       1 |   4.3
        D:8 |    1261 |     663 |  34.5 |      18 |       1 |   5.3
        D:9 |    1524 |     220 |  12.6 |      21 |       1 |   4.5
       D:10 |    3500 |     939 |  21.2 |      37 |       1 |   2.6
       D:11 |     228 |       0 |   0.0 |       2 |       0 |   0.0
      Sewer |       0 |     143 | 100.0 |       0 |       8 | 100.0
            +---------+---------+-------+---------+---------+-------
